 Dungeon Crawl Stone Soup version 0.25.0-11-g1f837a76a1 (webtiles) character file.

Game seed: 9558622977492931446

11599 funkygono the Geomancer (level 11, -1/62 HPs)
             Began as a Gargoyle Earth Elementalist on June 26, 2020.
             Was an Elder of Sif Muna.
             Slain by a spiny frog (11 damage)
             ... on level 1 of the Lair of Beasts.
             The game lasted 00:36:12 (15619 turns).

funkygono the Geomancer (GrEE)                     Turns: 15619, Time: 00:36:13

Health: -1/62      AC: 24    Str: 11    XL:     11   Next: 80%
Magic:  17/23      EV:  6    Int: 25    God:    Sif Muna [****..]
Gold:   808        SH:  5    Dex: 10    Spells: 15/26 levels left

rFire    + . .     SeeInvis +   J - +1 morningstar (venom)
rCold    . . .     Gourm    .   (no shield)
rNeg     + . .     Faith    .   P - +0 chain mail
rPois    ∞         Spirit   .   D - +0 helmet
rElec    +         Reflect  +   x - +0 cloak
rCorr    .         Harm     .   t - +2 pair of gloves
MR       .....                  s - +0 pair of boots
Stlth    ..........             g - amulet of reflection
HPRegen  0.20/turn              k - ring of wizardry
MPRegen  0.18/turn              N - ring "Byppyll" {*Drain rF+ Int+5 SInv}

@: no status effects
A: negative energy resistance 1, electricity resistance, unbreathing,
petrification resistance, rot immunity, AC +8
a: Channel Magic, Forget Spell, Divine Exegesis, Renounce Religion


You were on level 1 of the Lair of Beasts.
You worshipped Sif Muna.
Sif Muna was greatly pleased with you.
You were not hungry.

You visited 3 branches of the dungeon, and saw 13 of its levels.

You collected 808 gold pieces.

Inventory:

Hand Weapons
 o - a +0 mace
 J - a +1 morningstar of venom (weapon)
 M - a +2 mace of holy wrath
Missiles
 q - 188 stones (quivered)
Armour
 c - a +0 robe
 i - a +0 leather armour
 n - a +0 pair of gloves of archery
 s - a +0 pair of boots (worn)
 t - a +2 pair of gloves (worn)
 x - a +0 cloak (worn)
 y - a +2 plate armour of magic resistance
 D - a +0 helmet (worn)
 G - a +2 pair of gloves
 P - a +0 chain mail (worn)
Jewellery
 b - an uncursed ring of resist corrosion
 g - an amulet of reflection (around neck)
 k - a ring of wizardry (left hand)
 l - an uncursed ring of wizardry
 p - an uncursed ring of protection from cold
 I - a +4 ring of slaying
 N - the ring "Byppyll" (right hand) {*Drain rF+ Int+5 SInv}
   (You found it on level 10 of the Dungeon)

   [ring of see invisible]

   It affects your intelligence (+5).
   It protects you from fire.
   It lets you see invisible.
   It causes draining when unequipped.
Wands
 f - a wand of random effects (31)
 j - a wand of polymorph (10)
 B - a wand of flame (13)
 E - a wand of paralysis (8)
 F - a wand of acid (8)
Scrolls
 h - 5 scrolls of amnesia
 u - 3 scrolls of fear
 v - 4 scrolls of teleportation
 w - a scroll of remove curse
 H - 6 scrolls of magic mapping
 O - 2 scrolls of identify
Potions
 a - a potion of resistance
 e - 4 potions of flight
 m - 3 potions of mutation
 r - 5 potions of curing
 z - a potion of stabbing
 A - 2 potions of heal wounds
 C - 2 potions of magic
 K - 2 potions of brilliance
Comestibles
 d - 27 rations
 L - 6 chunks of flesh


   Skills:
 + Level 4.9 Fighting
 + Level 8.5 Maces & Flails
 * Level 4.9 Armour
 + Level 5.2 Dodging
 + Level 4.0 Stealth
   Level 2.6 Shields
 + Level 8.2 Spellcasting
 + Level 6.1 Conjurations
   Level 0.7 Transmutations
 + Level 10.3 Earth Magic


You had 15 spell levels left.
You knew the following spells:

 Your Spells              Type           Power        Failure   Level  Hunger
a - Sandblast             Erth           ######       1%          1    None
b - Stone Arrow           Conj/Erth      ######       10%         3    None
c - Lee's Rapid Deconstr  Erth           ######....   34%         5    ####...
d - Searing Ray           Conj           #####.       12%         2    None

Your spell library contained the following spells:

 Spells                   Type           Power        Failure   Level  Hunger
 Passwall                 Tmut/Erth      #####...     16%         2    None
 Dazzling Flash           Conj/Hex       ####..       58%         3    None
 Petrify                  Tmut/Erth      #####...     65%         4    ##.....
 Fulminant Prism          Conj/Hex       ####......   92%         4    ##.....
 Confusing Touch          Hex            ##......     94%         3    None
 Gell's Gravitas          Tloc           ##........   94%         3    None
 Irradiate                Conj/Tmut      ####......   99%         5    ####...
 Metabolic Englaciation   Hex/Ice        ##........   100%        5    ####...
 Yara's Violent Unravell  Hex/Tmut       ##........   100%        5    ####...
 Starburst                Conj/Fire      ####......   100%        6    ######.


Dungeon Overview and Level Annotations

Branches:
Dungeon (11/15)            Temple (1/1) D:4            Lair (1/6) D:11
    Orc (0/2) D:10

Altars:
Ashenzari
Cheibriados
Dithmenos
Elyvilon
Fedhas
Gozag
Hepliaklqana
Kikubaaqudgha
Makhleb
Nemelex Xobeh
Okawaru
Qazlal
Ru
Sif Muna
Trog
Uskayaw
Vehumet
Wu Jian
Xom
Yredelemnul
Zin
The Shining One

Shops:
D:6 *   D:7 !   D:10 :

Annotations:
D:10 2 runed translucent doors, GreydMiyu's ghost, journeyman HuFE


Innate Abilities, Weirdness & Mutations

You are resistant to torment.
Your stone body is resilient. (AC +8)
You are immune to poison.
You resist negative energy. (rN+)
You are resistant to electric shocks. (rElec)
You can survive without breathing.
You are immune to petrification.
You are immune to rotting.


Message History

The spiny frog is moderately wounded.
The spiny frog stings you.
* * * LOW HITPOINT WARNING * * *
You hit the spiny frog but do no damage.
The spiny frog is moderately wounded.
The spiny frog stings you.
* * * LOW HITPOINT WARNING * * *
You block the spiny frog's attack.
You hit the spiny frog but do no damage.
The spiny frog is moderately wounded.
The spiny frog stings you but does no damage.
Casting: Stone Arrow (dangerous; 10% risk of failure)
Confirm with . or Enter, or press ? or * to list all spells.
Aiming: Sandblast (safe; 1% risk of failure)
Press: ? - help, Shift-Dir - straight line, f - spiny frog
Aim: a spiny frog (moderately wounded)
The blast of sand misses the spiny frog.
q - 188 stones The spiny frog stings you!
You die...

%.%.%...P
####.P.##.##
...%..###..........#
......##..####.P####
#..P#...##..## ###
##.....#.....#
##P..##.†#.#....####
.........####.###
#######†.# #.# ##@#
#.# #F# #.# #.# #.#
#.# ... ... ... ...
... ... ..)..


You could see a spiny frog.

Vanquished Creatures
  2 two-headed ogres
  2 ugly things (D:11)
  A spiny frog (Lair:1)
  A hornet (D:8)
  Grinder (D:6)
  3 hippogriffs
  Sigmund (D:6)
  7 yaks
  2 hungry ghosts
  Menkaure (D:6)
  2 acid dragons (D:11)
  A porcupine (D:11)
  6 orc warriors
  2 ice beasts
  5 phantoms
  3 black bears
  An eye of draining (D:9)
  7 ogres
  3 wolves (Lair:1)
  2 sky beasts
  3 centaurs
  A crocodile (Lair:1)
  13 bullfrogs
  A scorpion (D:6)
  4 killer bees (D:8)
  5 wights (D:8)
  8 howler monkeys
  3 crimson imps
  4 bullfrog zombies
  7 hounds
  12 orc priests
  A centaur skeleton (D:8)
  3 jellies
  4 bullfrog skeletons
  3 iguanas
  14 orc wizards
  11 worker ants
  2 hound skeletons
  A worker ant zombie (D:7)
  14 adders
  4 shadow imps
  2 oozes
  2 adder zombies
  3 adder skeletons
  4 worms
  A dart slug (D:2)
  6 leopard geckos
  54 orcs
  4 bats
  9 giant cockroaches
  5 goblins
  6 hobgoblins
  16 jackals
  5 quokkas
  A ball python (D:4)
  3 frilled lizards
  6 kobolds
  3 rats
  6 fungi (D:11)
  3 plants (D:11)
310 creatures vanquished.

Vanquished Creatures (others)
  A water moccasin (Lair:1)
1 creature vanquished.

Grand Total: 311 creatures vanquished

Notes
Turn   | Place    | Note
-------+----------+-------------------------------------------
     0 | D:1      | funkygono the Gargoyle Earth Elementalist began the quest
                  | for the Orb.
     0 | D:1      | Reached XP level 1. HP: 10/10 MP: 3/3
   360 | D:1      | Reached XP level 2. HP: 15/15 MP: 1/5
   427 | D:1      | Reached skill level 4 in Earth Magic
  1421 | D:2      | Reached XP level 3. HP: 19/19 MP: 2/6
  1504 | D:2      | Learned a level 3 spell: Stone Arrow
  1564 | D:2      | Found a radiant altar of Vehumet.
  1794 | D:2      | Reached XP level 4. HP: 24/24 MP: 4/8
  2741 | D:3      | Reached skill level 1 in Maces & Flails
  2814 | D:3      | Reached XP level 5. HP: 26/28 MP: 3/9
  3228 | D:3      | Learned a level 5 spell: Lee's Rapid Deconstruction
  3660 | D:4      | Found a staircase to the Ecumenical Temple.
  3692 | D:4      | Reached skill level 1 in Conjurations
  3712 | Temple   | Entered the Ecumenical Temple
  3726 | Temple   | Became a worshipper of Sif Muna the Loreminder
  3931 | D:4      | Reached skill level 1 in Armour
  4035 | D:4      | Noticed a phantom
  4054 | D:4      | Killed a phantom
  4054 | D:4      | Reached XP level 6. HP: 8/33 MP: 1/10
  4978 | D:5      | Entered Level 5 of the Dungeon
  4987 | D:5      | Found a shattered altar of Ashenzari.
  5044 | D:5      | Reached skill level 5 in Earth Magic
  5166 | D:5      | Reached XP level 7. HP: 37/37 MP: 2/12
  5417 | D:5      | Reached * piety under Sif Muna
  5678 | D:5      | Reached skill level 1 in Fighting
  6501 | D:6      | Reached XP level 8. HP: 44/44 MP: 6/13
  6593 | D:6      | Noticed Grinder
  6611 | D:6      | Paralysed by Grinder for 3 turns
  6616 | D:6      | HP: 1/44 [orc wizard/puff of frost (7)]
  6617 | D:6      | Paralysed by Grinder for 3 turns
  6635 | D:6      | Paralysed by Grinder for 4 turns
  6639 | D:6      | Killed Grinder
  6912 | D:6      | Noticed Sigmund
  6919 | D:6      | Killed Sigmund
  6919 | D:6      | Reached skill level 6 in Earth Magic
  7112 | D:6      | Noticed Menkaure
  7114 | D:6      | Killed Menkaure
  7163 | D:6      | Reached skill level 5 in Spellcasting
  7217 | D:6      | Reached XP level 9. HP: 49/49 MP: 9/16
  7416 | D:6      | Reached ** piety under Sif Muna
  7433 | D:6      | Reached skill level 7 in Earth Magic
  7686 | D:6      | Found an opulent altar of Gozag.
  7686 | D:6      | Found a glowing silver altar of Zin.
  8002 | D:6      | Found Duilic's Assorted Antiques.
  8258 | D:7      | Reached skill level 1 in Shields
  8359 | D:7      | Found Vuunuetz's Distillery.
  8631 | D:7      | Reached skill level 5 in Maces & Flails
  8937 | D:7      | Found a glowing silver altar of Zin.
  9148 | D:7      | Reached skill level 8 in Earth Magic
  9765 | D:8      | Reached skill level 5 in Conjurations
  9771 | D:8      | Reached *** piety under Sif Muna
  9771 | D:8      | Reached XP level 10. HP: 42/56 MP: 0/19
 10569 | D:8      | Found a bloodstained altar of Trog.
 10569 | D:8      | Found a glowing golden altar of the Shining One.
 10570 | D:8      | Found an ancient bone altar of Kikubaaqudgha.
 10600 | D:8      | Identified Vehumet's Volume of Attacks
 10605 | D:8      | Learned a level 2 spell: Searing Ray
 10985 | D:9      | Noticed a two-headed ogre
 10989 | D:9      | Killed a two-headed ogre
 10989 | D:9      | Reached skill level 9 in Earth Magic
 11311 | D:9      | Reached **** piety under Sif Muna
 11335 | D:9      | Found a sparkling altar of Nemelex Xobeh.
 11458 | D:9      | Found a shimmering altar of Xom.
 12008 | D:10     | Entered Level 10 of the Dungeon
 12378 | D:10     | Found a runed translucent door.
 12384 | D:10     | Noticed a necromancer
 12385 | D:10     | Noticed a deep elf knight
 12387 | D:10     | Noticed a lich
 12388 | D:10     | Found a runed translucent door.
 12396 | D:10     | Noticed a skeletal warrior
 12399 | D:10     | Noticed a skeletal warrior
 12424 | D:10     | Noticed GreydMiyu's ghost (journeyman HuFE)
 12426 | D:10     | Noticed a yaktaur captain
 12458 | D:10     | Found Yhybb's Book Shop.
 12619 | D:10     | Got an ancient silver ring
 12651 | D:10     | Noticed a two-headed ogre
 12675 | D:10     | HP: 2/56 [two-headed ogre/+0 dire flail (15)]
 12707 | D:10     | Killed a two-headed ogre
 12707 | D:10     | Reached XP level 11. HP: 9/61 MP: 9/23
 13063 | D:10     | Found a staircase to the Orcish Mines.
 13701 | D:11     | Found a staircase to the Lair.
 13985 | D:11     | Reached skill level 5 in Dodging
 14306 | D:11     | Noticed a purple ugly thing
 14321 | D:11     | Killed a purple ugly thing
 14321 | D:11     | Reached skill level 10 in Earth Magic
 14720 | D:11     | Noticed a green ugly thing
 14749 | D:11     | Killed a green ugly thing
 15422 | D:11     | Identified the ring "Byppyll" {*Drain rF+ Int+5 SInv} (You
                  | found it on level 10 of the Dungeon)
 15439 | Lair:1   | Entered Level 1 of the Lair of Beasts
 15619 | Lair:1   | Slain by a spiny frog

Illustrated notes

Levels and vault maps discovered:
D:1:      dpeg_arrival_central, layout_loops_corners
D:2:      layout_basic, vehumet_crystals
D:3:      layout_basic
D:4:      layout_loops_ring, minmay_temple_entry_slanted, first_ration,
          minmay_unequal
D:5:      layout_rooms, kennysheep_mini_moat, gup_sewer_entry_pipe
D:6:      layout_loops_ring, grunt_temple_overflow_gold_and_silver,
          serial_shops, kennysheep_little_box, uniq_menkaure, uniq_sigmund,
          uniq_grinder
D:7:      layout_loops_ring, basic_altar, serial_shops,
          nicolae_shop_temple_entry_statues_fountains, kennysheep_generic_room_8
D:8:      layout_rooms, gammafunk_temple_overflow_claw, grunt_ogre_cave,
          kennysheep_doodads
D:9:      layout_gridville, old_standard_altar,
          nemelex_xobeh_ov_fountains_minmay
D:10:     layout_long_grid, hiddenorc1_lemuel, serial_shops, shop,
          muffindrake_ghost_dual_entry
D:11:     layout_cave_pods, due_lair_maze_entry_diamond
Temple:   nicolae_temple_god_jail
Lair:1:   layout_loops_ring, lemuel_old_faithful, lemuel_fruit_tree

Skill      XL: |  1  2  3  4  5  6  7  8  9 10 11 |
---------------+----------------------------------+-----
Earth Magic    | 4 5 6 8 9 10 | 10.3
Maces & Flails | 1 2 3 4 5 6 8 |  8.5
Stealth        | 3 4 |  4.0
Spellcasting   | 3 5 6 8 |  8.2
Conjurations   | 1 2 3 5 6 |  6.1
Armour         | 2 3 4 |  4.9
Dodging        | 2 3 4 5 |  5.2
Fighting       | 1 2 3 4 |  4.9
Shields        | 1 2 |  2.6
Transmutations | |  0.7

Action                   |  1- 3 |  4- 6 |  7- 9 | 10-12 || total
-------------------------+-------+-------+-------+-------++-------
Melee: Unarmed           |    10 |       |       |       ||    10
       Club              |    21 |     9 |       |       ||    30
       Mace              |       |   134 |   220 |    56 ||   410
       Morningstar       |       |       |       |   335 ||   335
 Cast: Sandblast         |    38 |    15 |    29 |    17 ||    99
       Stone Arrow       |     2 |    28 |   102 |    82 ||   214
       Lee's Rapid Decon |       |       |       |    21 ||    21
       Searing Ray       |       |       |       |     9 ||     9
  Use: Scroll            |       |    11 |     4 |     4 ||    19
       Potion            |       |     2 |     4 |     1 ||     7
 Stab: Distracted        |       |       |       |     1 ||     1
  Eat: Chunk             |     3 |    12 |    20 |    13 ||    48
       Ration            |       |       |     1 |     3 ||     4
Armor: Robe              |    10 |     1 |       |       ||    11
       Leather armour    |       |    53 |   164 |   166 ||   383
       Chain mail        |       |       |       |    31 ||    31
Dodge: Dodged            |    23 |    72 |   165 |   236 ||   496
Block: Other             |     7 |    24 |    68 |   100 ||   199
       Reflection        |       |     1 |     1 |    10 ||    12
